 Dungeon Crawl Stone Soup version 0.24.0-10-g970556be89 (webtiles) character file.

Game seed: 7193743842118771812, levelgen mode: deterministic

2969 theswoord the Carver (level 9, -1/62 HPs)
             Began as a Demonspawn Gladiator on Nov 3, 2019.
             Slain by a hornet (12 damage)
             ... while paralysed by a hornet
             ... on level 8 of the Dungeon.
             The game lasted 00:13:53 (6569 turns).

theswoord the Carver (Demonspawn Gladiator)         Turns: 6569, Time: 00:13:54

Health: -1/62      AC:  8    Str: 17    XL:     9   Next: 52%
Magic:  9/9        EV:  2    Int:  9    God:
Gold:   438        SH:  0    Dex: 16    Spells: 8/8 levels left

rFire    + . .     SeeInvis .   a - +1 long sword
rCold    + + .     Gourm    .   (no shield)
rNeg     . . .     Faith    .   j - +0 ring mail
rPois    .         Spirit   .   c - +1 helmet
rElec    .         Reflect  .   u - scarf {rC+ rF+}
rCorr    .         Harm     +   (no gloves)
MR       .....                  (no boots)
Stlth    +.........             E - amulet of harm
HPRegen  0.20/turn              h - +5 ring of slaying
MPRegen  0.11/turn              v - ring of protection from cold

@: paralysed, lethally poisoned (-1 -> -13), very slightly contaminated, slowed
A: rugged brown scales 1, powered by death 2
a: no special abilities


You were on level 8 of the Dungeon.
You were not hungry.

You visited 1 branch of the dungeon, and saw 8 of its levels.

You collected 438 gold pieces.

Inventory:

Hand Weapons
 a - a +1 long sword (weapon)
 x - a +0 great sword
Missiles
 d - 4 throwing nets (quivered)
Armour
 b - a +0 leather armour
 c - a +1 helmet (worn)
 j - a +0 ring mail (worn)
 u - a scarf of resistance (worn)
Jewellery
 e - an uncursed amulet of the acrobat
 h - a +5 ring of slaying (left hand)
 t - an uncursed amulet of rage
 v - a ring of protection from cold (right hand)
 w - an uncursed ring of flight
 D - an uncursed ring of resist corrosion
 E - an amulet of harm (around neck)
Wands
 g - a wand of iceblast (3)
 p - a wand of digging (4)
Scrolls
 k - a scroll of teleportation
 r - 3 scrolls of remove curse
 y - a scroll of fog
Potions
 i - 2 potions of curing
 l - a potion of magic
 n - a potion of ambrosia
 q - a potion of resistance
 z - a potion of flight
 A - a potion of brilliance
Comestibles
 f - 20 rations
 m - 4 chunks of flesh


   Skills:
 - Level 2.0 Fighting
 + Level 12.2 Long Blades
 - Level 1.7 Throwing
 - Level 2.6 Dodging


You had 8 spell levels left.
You didn't know any spells.
Your spell library was empty.

Dungeon Overview and Level Annotations

Branches:
Dungeon (8/15)             Temple (0/1) D:6
   Lair: D:8-11

Altars:
Elyvilon
Fedhas
Hepliaklqana
Nemelex Xobeh
Qazlal
Sif Muna
Trog
Wu Jian
Xom
Zin

Shops:
D:4 *


Innate Abilities, Weirdness & Mutations

You are partially covered in rugged brown scales. (AC +1, +3% HP)
You regenerate health from kills.


Message History

You feel as though you will be slow longer.
You miss the hornet.
The hornet is moderately wounded.
The hornet stings you!
You feel as though you will be slow longer.
You closely miss the hornet.
The hornet is moderately wounded.
The hornet stings you!
* * * LOW HITPOINT WARNING * * *
You are poisoned.
You feel as though you will be slow longer.
The hornet stings you.
* * * LOW HITPOINT WARNING * * *
You are lethally poisoned!
You suddenly lose the ability to move!
* * * LOW HITPOINT WARNING * * *
You feel sick.
The hornet stings you but does no damage.
The hornet stings you!
You die...

## .. #.
##########
#.##.(.......
#..<.@y.....#
####..##.....
#..# #.# #..#
#..# #..#
...# ....


You could see a hornet.

Vanquished Creatures
  Grinder (D:3)
  A spriggan (D:7)
  Edmund (D:6)
  Duvessa (D:6)
  4 sky beasts
  An ice beast (D:7)
  An orc warrior (D:6)
  An ogre (D:4)
  A phantom (D:7)
  5 centaurs
  Blork the orc (D:6)
  3 bullfrogs
  Dowan (D:6)
  2 scorpions
  A killer bee (D:5)
  2 howler monkeys (D:7)
  A bullfrog zombie (D:5)
  4 hounds
  5 orc wizards
  An orc priest (D:4)
  A centaur skeleton (D:6)
  Jessica (D:2)
  An iguana (D:6)
  Natasha (D:4)
  4 worker ants
  A hound zombie (D:6)
  A worker ant zombie (D:5)
  4 gnolls
  8 adders
  2 shadow imps
  An ooze (D:1)
  4 worms
  5 leopard geckos
  30 orcs
  3 ball pythons (D:2)
  5 giant cockroaches
  8 goblins
  4 hobgoblins
  7 jackals
  7 kobolds
  2 quokkas
  6 bats
  6 frilled lizards
  A jackal zombie (D:7)
  A leopard gecko zombie (D:6)
  2 quokka skeletons
  6 rats
160 creatures vanquished.

Vanquished Creatures (others)
  An orc (D:7)
  A bat (D:2)
2 creatures vanquished.

Grand Total: 162 creatures vanquished

Notes
Turn   | Place    | Note
-------+----------+-------------------------------------------
     0 | D:1      | theswoord the Demonspawn Gladiator began the quest for the
                  | Orb.
     0 | D:1      | Reached XP level 1. HP: 16/16 MP: 1/1
     6 | D:1      | Noticed a water moccasin
     6 | D:1      | Noticed a black bear
     6 | D:1      | Noticed a hound
     7 | D:1      | Noticed a swamp drake
     7 | D:1      | Noticed a crocodile
    11 | D:1      | Reached skill level 3 in Long Blades
    20 | D:1      | Gained mutation: You are partially covered in rugged brown
                  | scales. (AC +1, +3% HP) [demonic ancestry]
    20 | D:1      | Reached XP level 2. HP: 14/22 MP: 2/2
   698 | D:1      | Reached XP level 3. HP: 26/27 MP: 3/3
  1018 | D:2      | Noticed Jessica
  1022 | D:2      | Killed Jessica
  1022 | D:2      | Reached skill level 4 in Long Blades
  1030 | D:2      | Reached XP level 4. HP: 19/33 MP: 4/4
  1173 | D:2      | Found a stormy altar of Qazlal.
  1245 | D:2      | Found a shimmering altar of Xom.
  1245 | D:2      | Found a glowing silver altar of Zin.
  1246 | D:2      | Noticed an angel
  1361 | D:2      | Reached skill level 5 in Long Blades
  1710 | D:3      | Noticed Grinder
  1721 | D:3      | Reached XP level 5. HP: 21/39 MP: 5/5
  2679 | D:3      | Found a bloodstained altar of Trog.
  2686 | D:3      | Found a white marble altar of Elyvilon.
  2689 | D:3      | Found a shimmering blue altar of Sif Muna.
  2748 | D:3      | Killed Grinder
  2748 | D:3      | Reached skill level 6 in Long Blades
  2748 | D:3      | Gained mutation: You regenerate a little health from kills.
                  | [demonic ancestry]
  2748 | D:3      | Reached XP level 6. HP: 16/45 MP: 6/6
  2990 | D:4      | Reached skill level 7 in Long Blades
  2996 | D:4      | Reached XP level 7. HP: 22/51 MP: 7/7
  3241 | D:4      | Found a sparkling altar of Nemelex Xobeh.
  3407 | D:4      | Found Semywy's Assorted Antiques.
  3761 | D:4      | Noticed Natasha
  3768 | D:4      | Killed Natasha
  3919 | D:5      | Entered Level 5 of the Dungeon
  3928 | D:5      | Reached skill level 8 in Long Blades
  3933 | D:5      | Found a transporter.
  3937 | D:5      | Found a transporter.
  4172 | D:5      | Found a hazy altar of Hepliaklqana.
  4205 | D:5      | Found a blossoming altar of Fedhas.
  4724 | D:5      | Reached skill level 9 in Long Blades
  4724 | D:5      | Reached XP level 8. HP: 45/57 MP: 8/8
  4911 | D:6      | Noticed Blork the orc
  4917 | D:6      | Killed Blork the orc
  5054 | D:6      | Reached skill level 10 in Long Blades
  5146 | D:6      | Found a staircase to the Ecumenical Temple.
  5250 | D:6      | Noticed Edmund
  5261 | D:6      | Killed Edmund
  5452 | D:6      | Found an ornate altar of the Wu Jian Council.
  5470 | D:6      | Noticed Duvessa
  5470 | D:6      | Noticed Dowan
  5481 | D:6      | Killed Dowan
  5506 | D:6      | Killed Duvessa
  5749 | D:6      | Reached skill level 11 in Long Blades
  5749 | D:6      | Gained mutation: You regenerate health from kills. [demonic
                  | ancestry]
  5749 | D:6      | Reached XP level 9. HP: 49/62 MP: 9/9
  6363 | D:7      | Reached skill level 12 in Long Blades
  6568 | D:8      | Paralysed by a hornet for 2 turns
  6569 | D:8      | Slain by a hornet

Skill      XL: |  1  2  3  4  5  6  7  8  9 |
---------------+----------------------------+-----
Long Blades    | 3 4 5 6 7 9 11 12 | 12.2
Fighting       | |  2.0
Throwing       | |  1.7
Dodging        | |  2.6

Action                   |  1- 3 |  4- 6 |  7- 9 || total
-------------------------+-------+-------+-------++-------
Melee: Long sword        |    53 |   102 |    97 ||   252
       Great sword       |       |       |   155 ||   155
  Use: Scroll            |     1 |     6 |    14 ||    21
       Potion            |       |     3 |     6 ||     9
 Stab: Sleeping          |       |     1 |       ||     1
       Distracted        |       |     1 |       ||     1
  Eat: Chunk             |       |     5 |    10 ||    15
       Ration            |       |       |     1 ||     1
Armor: Leather armour    |    15 |    24 |       ||    39
       Ring mail         |       |       |    78 ||    78
Dodge: Dodged            |    50 |    70 |   164 ||   284
       Rpst.: Long sword |    17 |    28 |    10 ||    55
       Great sword       |       |       |    43 ||    43

Levels and vault maps discovered:
D:1:      onia_arrival_zoo_common, layout_loops_ring
D:2:      layout_rooms, grunt_temple_overflow_order_and_chaos_1,
          grunt_qazlal_sundering, uniq_jessica
D:3:      layout_basic, grunt_temple_overflow_diamond, uniq_grinder
D:4:      layout_basic, nicolae_overflow_crystal_walls, serial_shops, shop,
          uniq_natasha
D:5:      layout_basic, lemuel_doored_altar, gammafunk_temple_overflow_arena,
          first_ration
D:6:      minmay_diamond_boxcup, layout_gridville, lemuel_round_altar,
          minmay_temple_entry_nine_rooms, uniq_edmund, uniq_duvessa,
          uniq_blork_the_orc
D:7:      layout_loops_ring, the_bakery, grunt_ministairs_3
D:8:      layout_loops_ring, kennysheep_mini, overflow_temple_1_default,
          marbit_many_paths, chequers_guarded_unrand_ignorance, uniq_harold
